[Event "MR"]
[Site "Rzeszow"]
[Date "2017.11.08"]
[Round "2.3"]
[White "Swigon, Tomasz"]
[Black "Ziemniak, Piotr"]
[Result "1-0"]
[ECO "B23"]
[WhiteElo "1837"]
[BlackElo "1810"]
[Annotator "Szachy"]
[PlyCount "51"]
[EventDate "2017.??.??"]
[TimeControl "6000+875"]
[WhiteClock "1:06:00"]
[BlackClock "0:26:41"]

1. e4 c5 2. Nc3 d6 3. f4 Nc6 4. Nf3 Nf6 5. Bb5 Bd7 6. Bc4 Na5 7. Bxf7+ Kxf7 8.
e5 dxe5 9. fxe5 Bg4 10. exf6 Bxf3 11. Qxf3 exf6 12. O-O Nc6 13. d3 Kg8 14. Bf4
Rc8 15. Rae1 Qd7 16. Nb5 Nd4 17. Nxd4 Qxd4+ 18. Kh1 Qd7 19. Qe4 h5 20. h4 b5
21. Rf3 Qg4 22. Kg1 Qd7 23. Rfe3 c4 24. d4 Bb4 25. c3 Ba5 26. Qg6 1-0

[Event "MR"]
[Site "Rzeszow"]
[Date "2017.11.11"]
[Round "6.3"]
[White "Janzer, Hubert"]
[Black "Wozniak, Maciej"]
[Result "1-0"]
[ECO "A05"]
[WhiteElo "1822"]
[BlackElo "2045"]
[Annotator "Szachy"]
[PlyCount "49"]
[EventDate "2017.??.??"]
[TimeControl "6000+965"]
[WhiteClock "0:54:49"]
[BlackClock "0:04:03"]

1. Nf3 Nf6 2. g3 g6 3. Bg2 Bg7 4. O-O O-O 5. c4 d5 6. cxd5 Nxd5 7. Nc3 c5 8. e3
Nxc3 9. bxc3 Bd7 10. d4 Bc6 11. Ba3 Na6 12. Qe2 Qa5 13. Bb2 Rfd8 14. e4 cxd4
15. Nxd4 Bxd4 16. cxd4 Bb5 17. Qe3 Bxf1 18. Bxf1 Rac8 19. d5 Qc5 20. Qh6 f6 21.
Bh3 Qb6 22. Be6+ Kh8 23. Rb1 Qd6 24. e5 fxe5 25. Qg5 1-0